 Dungeon Crawl Stone Soup version 0.26-a0-812-g31a745ddcd (webtiles) character file.

Game seed: 1632360410244610506

2 funkygono the Skirmisher (level 1, 14/14 HPs)
             Began as a Gargoyle Fighter on Nov 22, 2020.
             Got out of the dungeon alive.
             The game lasted 00:00:26 (75 turns).

funkygono the Skirmisher (Gargoyle Fighter)           Turns: 75, Time: 00:00:27

Health: 14/14      AC:  9    Str: 19    XL:     1   Next: 30%
Magic:  1/1        EV:  7    Int:  8    God:
Gold:   0          SH:  9    Dex:  9    Spells: 0/0 levels left

rFire    . . .     SeeInvis .   a - +0 flail
rCold    . . .     Faith    .   c - +0 kite shield
rNeg     + . .     Spirit   .   b - +0 scale mail
rPois    ∞         Reflect  .   (no helmet)
rElec    +         Harm     .   (no cloak)
rCorr    .         Rampage  .   (no gloves)
MR       .....                  (no boots)
Stlth    ..........             (no amulet)
HPRegen  0.04/turn              (no ring)
MPRegen  0.07/turn              (no ring)

@: no status effects
A: negative energy resistance 1, electricity resistance, unbreathing,
petrification resistance, rot immunity, AC +2
a: no special abilities


You escaped.
You visited 1 branch of the dungeon, and saw 1 of its levels.

Inventory:

Hand Weapons
 a - a +0 flail (weapon)
Armour
 b - a +0 scale mail (worn)
 c - a +0 kite shield (worn)
Scrolls
 e - a scroll of random uselessness {unknown}
Potions
 d - a potion of might


   Skills:
 * Level 3.3 Fighting
 * Level 2.0 Maces & Flails
 * Level 3.3 Armour
 * Level 0.1 Dodging
 * Level 3.3 Shields


You couldn't memorise any spells.
You didn't know any spells.
Your spell library was empty.

Dungeon Overview and Level Annotations

Branches:
Dungeon (1/15)

Altars:


Innate Abilities, Weirdness & Mutations

You are resistant to torment.
Your stone body is resilient. (AC +2)
You are immune to poison.
You resist negative energy. (rN+)
You are resistant to electric shocks. (rElec)
You can survive without breathing.
You are immune to petrification.
You are immune to rotting.


Message History

Found a scroll labelled NYBY MOUSE.
You see here a goblin corpse.
You barely miss the goblin. You block the goblin's attack.
Your shield prevents you from hitting the goblin.
The goblin hits you but does no damage. x2
You closely miss the goblin. The goblin closely misses you.
You closely miss the goblin. You block the goblin's attack.
You barely miss the goblin.
The goblin hits you but does no damage. x2
You closely miss the goblin. You block the goblin's attack.
You closely miss the goblin. The goblin completely misses you.
The goblin hits you but does no damage.
You sock the goblin!
You kill the goblin!
Things that are here:
a +0 dagger; a goblin corpse
There is a staircase leading out of the dungeon here.
Are you sure you want to leave the Dungeon?
This will make you lose the game!
Alright, then stay!
Are you sure you want to leave the Dungeon?
This will make you lose the game!
You have escaped!

### ..# #.# #
#.###..##
........# ..###
#...#### ## ####
#.#.##.##..#
##.@#
..#........#
#..##
..####.#######.##
..# #...#.#...#
.)# ###......##
.†# ###.###.###
..# #..###.)##
..# ##..#....##
..# ##...##..#


There were no monsters in sight!

Vanquished Creatures
  2 goblins (D:1)
2 creatures vanquished.

Notes
Turn   | Place    | Note
-------+----------+-------------------------------------------
     0 | D:1      | funkygono the Gargoyle Fighter began the quest for the Orb.
     0 | D:1      | Reached XP level 1. HP: 14/14 MP: 1/1
    75 | D:$      | Got out of the dungeon alive.

Illustrated notes

Levels and vault maps discovered:
D:1:      lemuel_arrival_tunnels, layout_basic, minmay_misc_feat_columns,
          glass_columns_a, chequers_serial_rivers_small_a, minmay_tetromino_i2

Action                   || total
-------------------------++-------
Melee: Flail             ||    12
Armor: Scale mail        ||     7
Dodge: Dodged            ||     2
Block: Kite shield       ||     4

Table legend: (Time is in decaauts)
 A = Elapsed time spent in this place.
 B = Non-inter-level travel time spent in this place.
 C = Inter-level travel time spent in this place.
 D = Time resting spent in this place.
 E = Time spent auto-exploring this place.
 F = Levels seen in this place.
 G = Mean time per level.
                   A        B        C        D        E       F      G
               +--------+--------+--------+--------+--------+-----+--------+
         Total |     79 |     79 |      0 |      0 |     32 |   1 |   79.0 |
       Dungeon |     79 |     79 |      0 |      0 |     32 |   1 |   79.0 |
               +--------+--------+--------+--------+--------+-----+--------+

Top non-repeatable levels by time:
     D:1: 79 daAuts
